 Dungeon Crawl Stone Soup version 0.29-a0-330-g52719c12eb (webtiles) character file.

Game seed: 17338580432779265393

3834 kae the Arsonist (level 9, -3/73 HPs)
             Began as a Demigod Fire Elementalist on May 27, 2022.
             Slain by a centaur warrior (12 damage)
             ... on level 8 of the Dungeon.
             The game lasted 00:06:40 (10385 turns).

kae the Arsonist (Demigod Fire Elementalist)       Turns: 10385, Time: 00:06:41

Health: -3/73      AC:  8    Str: 12    XL:     9   Next: 66%
Magic:  11/20      EV: 20    Int: 29    God:
Gold:   418        SH:  0    Dex: 14    Spells: 9/18 levels left

rFire   + . .      SeeInvis .   g - +1 short sword
rCold   . . .      Faith    .   (no shield)
rNeg    . . .      Spirit   .   a - +0 robe
rPois   .          Reflect  .   q - +2 helmet
rElec   .          Harm     .   (no cloak)
rCorr   .          Rampage  .   n - +2 pair of gloves {Str+3}
Will    .....                   (no boots)
Stlth   ++........              (no amulet)
HPRegen 0.22/turn               j - ring of the Hare {EV+8}
MPRegen 0.17/turn               c - ring of protection from fire

@: no status effects
A: high MP 1, forlorn, divine attributes
a: no special abilities


You were on level 8 of the Dungeon.
You visited 1 branch of the dungeon, and saw 8 of its levels.
You also visited: Ossuary.

You collected 418 gold pieces.

Inventory:

Hand Weapons
 g - a +1 short sword (weapon)
Armour
 a - a +0 robe (worn)
 n - a +2 pair of gloves of strength (worn)
 q - a +2 helmet (worn)
Jewellery
 c - a ring of protection from fire (right hand)
 j - the ring of the Hare (left hand) {EV+8}
   (You found it on level 2 of the Dungeon)

   [ring of evasion]

   EV:        It affects your evasion (+8).
 r - a +6 ring of dexterity
Wands
 m - a wand of acid (8)
 u - a wand of flame (13)
Scrolls
 f - a scroll of teleportation
 y - a scroll of enchant armour
Potions
 b - a potion of magic
 d - a potion of flight
 e - 3 potions of resistance
 h - 3 potions of might
 k - a potion of lignification
 l - 3 potions of curing
 o - a potion of cancellation
 p - a potion of haste
 s - a potion of attraction {unknown}
 v - a potion of brilliance {unknown}
 w - a potion of berserk rage {unknown}


   Skills:
 + Level 4.9 Fighting
 - Level 1.7 Dodging
 - Level 1.7 Stealth
 + Level 5.1 Spellcasting
 * Level 7.7 Conjurations
 * Level 8.2 Fire Magic


You had 9 spell levels left.
You knew the following spells:

 Your Spells              Type           Power      Damage    Failure   Level
a - Foxfire               Conj/Fire      100%       2x1d9     1%          1
b - Scorch                Fire           100%       2d10      1%          2
c - Conjure Flame         Conj/Fire      52%        6-21      1%          3
d - Inner Flame           Hex/Fire       31%        N/A       3%          3

Your spell library contained the following spells:

 Spells                   Type           Power      Damage    Failure   Level
 Magic Dart               Conj           100%       1d8       1%          1
 Flame Wave               Conj/Fire      52%        2d11      2%          4
 Mephitic Cloud           Conj/Pois/Air  22%        N/A       6%          3
 Call Imp                 Summ           7%         N/A       10%         2
 Confusing Touch          Hex            7%         N/A       19%         3
 Irradiate                Conj/Tmut      14%        3d18      34%         5
 Passage of Golubria      Tloc           7%         N/A       52%         4
 Blade Hands              Tmut           3%         N/A       86%         5
 Silence                  Hex/Air        3%         N/A       86%         5
 Yara's Violent Unravell  Hex/Tmut       3%         3d4       86%         5
 Conjure Ball Lightning   Conj/Air       14%        3x3d6     89%         6
 Dragon Form              Tmut           3%         N/A       100%        7
 Enfeeble                 Hex            3%         N/A       100%        7
 Discord                  Hex            3%         N/A       100%        8
 Disjunction              Tloc           3%         N/A       100%        8
 Lehudib's Crystal Spear  Conj/Erth      14%        10d5      100%        8


Dungeon Overview and Level Annotations

Branches:
Dungeon (8/15)             Temple (0/1) D:6         Ossuary (visited)
   Lair: D:8-11

Annotations:
D:4 Grinder


Innate Abilities, Weirdness & Mutations

You have an increased reservoir of magic. (+10% MP)
You shall have no god before yourself.
Your divine heritage dramatically boosts your attributes as you level up.


Message History

The centaur warrior hits you! The centaur warrior misses you.
The centaur warrior hits you. The centaur warrior closely misses you.
Casting: Scorch (safe; 1% risk of failure)
Confirm with . or Enter, or press ? or * to list all spells.
Flames lash the centaur warrior.
The centaur warrior is burned terribly!
The centaur warrior is moderately wounded.
The centaur warrior hits you!
The centaur warrior kicks you but does no damage.
The centaur warrior hits you!
The centaur warrior kicks you but does no damage.
The centaur warrior hits you!
The centaur warrior completely misses you.
Casting: Scorch (safe; 1% risk of failure)
Confirm with . or Enter, or press ? or * to list all spells.
Flames lash the centaur warrior.
The centaur warrior is burned terribly!
The centaur warrior is heavily wounded.
The centaur warrior closely misses you. The centaur warrior kicks you.
The centaur warrior barely misses you.
The centaur warrior kicks you but does no damage.
The centaur warrior barely misses you. The centaur warrior closely misses you.
Casting: Scorch (safe; 1% risk of failure)
Confirm with . or Enter, or press ? or * to list all spells.
Flames lash the centaur warrior.
The centaur warrior is burned terribly!
The centaur warrior is severely wounded.
The centaur warrior completely misses you.
The centaur warrior kicks you but does no damage.
The centaur warrior hits you!
* * * LOW HITPOINT WARNING * * *
The centaur warrior kicks you but does no damage.
The centaur warrior hits you.
* * * LOW HITPOINT WARNING * * *
The centaur warrior kicks you.
* * * LOW HITPOINT WARNING * * *
Casting: Scorch (safe; 1% risk of failure)
Confirm with . or Enter, or press ? or * to list all spells.
Flames lash the centaur warrior.
The centaur warrior is burned terribly!
The centaur warrior is almost dead.
The centaur warrior misses you. The centaur warrior closely misses you.
The centaur warrior hits you!
You die...

##..######..
#..## #..##
##..# ##.##
##.###
##..## #...#
#@.## #c##
#..# #...#
#...# ...#.
..#. # ...#.
..ยง###


You could see a centaur warrior (combustible).

Vanquished Creatures
  A two-headed ogre (D:7)
  Pikel (D:3)
  Joseph (D:7)
  Menkaure (D:7)
  An acid dragon (D:7)
  A water moccasin (D:5)
  A black bear (D:7)
  2 orc warriors
  3 centaurs
  An ogre (D:6)
  2 lemures
  A kobold brigand (D:6)
  A gnoll sergeant (D:3)
  A bullfrog (D:7)
  3 scorpions
  6 water moccasin zombies (Ossuary)
  5 killer bees (D:7)
  A jelly (D:5)
  2 hounds
  2 orc priests
  3 orc wizards
  3 iguanas
  Ijyb (D:5)
  2 mummies (Ossuary)
  4 gnolls (D:3)
  3 river rats (D:6)
  6 adders
  2 ufetubi
  4 adder zombies (Ossuary)
  4 worms
  3 dart slugs
  17 orcs
  4 endoplasms
  5 giant cockroaches
  4 gnoll zombies (Ossuary)
  6 hobgoblins
  12 kobolds
  3 quokkas
  4 ball pythons
  3 bats
  6 frilled lizards
  4 goblins
  4 hobgoblin zombies (Ossuary)
  4 kobold zombies (Ossuary)
  10 orc zombies (Ossuary)
  5 rats
163 creatures vanquished.

Vanquished Creatures (collateral kills)
  A foxfire (D:3)
1 creature vanquished.

Vanquished Creatures (others)
  566 foxfires
  6 plants (D:3)
572 creatures vanquished.

Grand Total: 736 creatures vanquished

Notes
Turn   | Place    | Note
-------+----------+-------------------------------------------
     0 | D:1      | kae the Demigod Fire Elementalist began the quest for the
                  | Orb.
     0 | D:1      | Reached XP level 1. HP: 14/14 MP: 5/5
   107 | D:1      | Reached skill level 1 in Conjurations
   498 | D:1      | Reached skill level 3 in Fire Magic
   498 | D:1      | Reached XP level 2. HP: 7/20 MP: 0/7
   881 | D:1      | Learned a level 2 spell: Scorch
  1640 | D:2      | Reached XP level 3. HP: 19/26 MP: 5/8
  1785 | D:2      | Found the ring of the Hare {EV+8}
  2672 | D:3      | Reached XP level 4. HP: 33/33 MP: 8/10
  2685 | D:3      | Learned a level 3 spell: Conjure Flame
  2808 | D:3      | Noticed a gnoll sergeant
  2941 | D:3      | Killed a gnoll sergeant
  2942 | D:3      | Reached skill level 4 in Fire Magic
  2942 | D:3      | Reached XP level 5. HP: 39/39 MP: 7/11
  2946 | D:3      | Reached skill level 1 in Fighting
  3605 | D:4      | Noticed Pikel
  3890 | D:4      | Learned a level 3 spell: Inner Flame
  4121 | D:4      | Noticed Grinder
  4473 | D:3      | Killed Pikel
  4474 | D:3      | Reached skill level 5 in Fire Magic
  4474 | D:3      | Reached XP level 6. HP: 19/48 MP: 0/13
  4474 | D:3      | Reached XP level 7. HP: 22/55 MP: 0/15
  5261 | D:5      | Entered Level 5 of the Dungeon
  6232 | D:5      | Reached skill level 5 in Conjurations
  6555 | D:5      | Noticed Ijyb
  6572 | D:5      | Killed Ijyb
  6923 | D:6      | Reached XP level 8. HP: 62/62 MP: 7/16
  6931 | D:6      | Found a sand-covered staircase.
  6939 | Ossuary  | Entered an ossuary
  7006 | Ossuary  | Reached skill level 6 in Fire Magic
  7568 | D:6      | Found a staircase to the Ecumenical Temple.
  8324 | D:7      | Noticed Menkaure
  8545 | D:7      | Killed Menkaure
  8688 | D:7      | Reached skill level 7 in Fire Magic
  8760 | D:7      | Noticed Joseph
  8977 | D:7      | Noticed a two-headed ogre
  8998 | D:7      | Killed a two-headed ogre
  8999 | D:7      | Reached XP level 9. HP: 71/71 MP: 5/19
  9562 | D:7      | Killed Joseph
  9563 | D:7      | Reached skill level 5 in Spellcasting
  9563 | D:7      | Reached skill level 8 in Fire Magic
 10363 | D:8      | Noticed a centaur warrior
 10385 | D:8      | Slain by a centaur warrior

Illustrated notes

Levels and vault maps discovered:
D:1:      minmay_arrival_up_and_down, layout_rooms, grunt_decor_fettered,
          solitary_fountain
D:2:      layout_rooms, dilly_ecumenical_altar_fadedgnrine,
          kennysheep_generic_room_7
D:3:      layout_rooms, serial_bayou_lagoon_b
D:4:      layout_layer_cave, uniq_pikel, uniq_grinder
D:5:      layout_loops_corners, uniq_ijyb
D:6:      layout_rooms, minmay_temple_entry_waves, lightli_sewer_entry_pipes,
          chequers_ossuary_entry_cave
D:7:      layout_loops_ring, uniq_menkaure, uniq_joseph
D:8:      layout_layer_cave, tso_metal_star, enter_bailey_2

Skill      XL: |  1  2  3  4  5  6  7  8  9 |
---------------+----------------------------+-----
Conjurations   | 1 2 3 4 5 6 7 |  7.7
Fire Magic     | 3 4 5 7 8 |  8.2
Spellcasting   | 2 3 4 5 |  5.1
Fighting       | 2 4 |  4.9
Dodging        | |  1.7
Stealth        | |  1.7

Action                   |  1- 3 |  4- 6 |  7- 9 || total
-------------------------+-------+-------+-------++-------
Melee: Short sword       |    19 |       |    82 ||   101
       Unarmed           |     1 |       |       ||     1
       Punch             |       |       |     2 ||     2
 Cast: Foxfire           |    92 |    67 |   162 ||   321
       Scorch            |     1 |     7 |    80 ||    88
       Conjure Flame     |       |       |     5 ||     5
       Inner Flame       |       |       |     9 ||     9
  Use: Scroll            |     5 |       |    16 ||    21
       Potion            |       |       |     1 ||     1
Armor: Robe              |     2 |     6 |    72 ||    80
Dodge: Dodged            |    36 |    28 |   332 ||   396

Table legend: (Time is in decaauts)
 A = Elapsed time spent in this place.
 B = Non-inter-level travel time spent in this place.
 C = Inter-level travel time spent in this place.
 D = Time resting spent in this place.
 E = Time spent auto-exploring this place.
 F = Levels seen in this place.
 G = Mean time per level.
                   A        B        C        D        E       F      G
               +--------+--------+--------+--------+--------+-----+--------+
         Total |  10444 |  10136 |    308 |   1798 |   6722 |   9 | 1160.4 |
       Dungeon |   9828 |   9520 |    308 |   1473 |   6722 |   8 | 1228.5 |
       Ossuary |    615 |    615 |      0 |    325 |      0 |   1 |  615.0 |
               +--------+--------+--------+--------+--------+-----+--------+

Top non-repeatable levels by time:
     D:7: 1746 daAuts
     D:5: 1633 daAuts
     D:1: 1477 daAuts
     D:3: 1377 daAuts
     D:4: 1314 daAuts
     D:2: 1107 daAuts
     D:6: 1002 daAuts
 Ossuary: 615 daAuts
     D:8: 169 daAuts
